 Dungeon Crawl Stone Soup version 0.31.0-11-ge490571c62 (webtiles) character file.

Game seed: 2080713347014236632

127 SnakkuSnakku7 the Trooper (level 4, -2/38 HPs)
             Began as a Mummy Alchemist on Jan 26, 2024.
             Slain by Sigmund
             ... wielding a +0 scythe
              (4 damage)
             ... on level 3 of the Dungeon.
             The game lasted 00:02:24 (1891 turns).

SnakkuSnakku7 the Trooper (Mummy Alchemist)         Turns: 1891, Time: 00:02:24

Health: -2/38      AC:  8    Str: 13    XL:     4   Next: 85%
Magic:  8/8        EV:  9    Int: 14    God:
Gold:   101        SH:  0    Dex: 12    Spells: 7/8 levels left

rFire   x . .        k - +0 trident (heavy)
rCold   + . .        (no shield)
rNeg    + + +        o - +0 scale mail
rPois   ∞            (no helmet)
rElec   .            n - +0 cloak
rCorr   .            (no gloves)
SInv    .            e - +0 pair of boots
Will    .....        (no amulet) Stlth
                     (no ring)
HPRegen 0.26/turn    (no ring)
MPRegen 0.11/turn

%: faith
@: no status effects
A: cold resistance 1, negative energy resistance 3, torment resistance 2, heat
vulnerability 1, in touch with death 1, no potions, faith
a: no special abilities


You were on level 3 of the Dungeon.
You visited 1 branch of the dungeon, and saw 3 of its levels.

You collected 101 gold pieces.

Inventory:

Hand Weapons
 h - a +0 club
 k - a +0 heavy trident (weapon)
Missiles
 c - 5 javelins
Armour
 a - a +0 robe
 e - a +0 pair of boots (worn)
 g - a +0 ring mail
 n - a +0 cloak (worn)
 o - a +0 scale mail (worn)
Jewellery
 f - a +6 ring of dexterity
 i - a ring of flight
Scrolls
 b - a scroll of torment {unknown}
 d - 3 scrolls of identify {unknown}
 l - a scroll of fear {unknown}
 m - a scroll of noise {unknown}
 p - a scroll of enchant armour {unknown}


   Skills:
 + Level 4.6 Fighting
 - Level 1.5 Dodging
 - Level 1.5 Stealth
 - Level 2.6 Spellcasting
 - Level 0.7 Conjurations
 - Level 2.4 Alchemy


You had 7 spell levels left.
You knew the following spells:

 Your Spells              Type           Power      Damage    Failure   Level
a - Sting                 Conj/Alch      24%        1d4       52%         1

Your spell library contained the following spells:

 Spells                   Type           Power      Damage    Failure   Level
 Mercury Vapours          Alch/Air       10%        N/A       71%         2
 Mephitic Cloud           Conj/Alch/Air  4%         N/A       91%         3
 Olgreb's Toxic Radiance  Alch           8%         N/A       99%         4
 Sticky Flame             Fire/Alch      5%         2d4       100%        4


Dungeon Overview and Level Annotations

Branches:
Dungeon (3/15)

Altars:

Annotations:
D:3 Sigmund


Innate Abilities, Weirdness & Mutations

You are immune to poison.
Your flesh is cold resistant. (rC+)
You are immune to negative energy. (rN+++)
You are immune to unholy pain and torment.
You are vulnerable to heat. (rF-)
You are in touch with the powers of death.
You do not drink.
You have a special connection with the divine. (Faith)


Message History

Throw: 2 darts (poison)
Press: ? - help, Q - select action, (/) - cycle Shift-Dir - straight line, f/p - Sigmund
Aim: Sigmund, wielding a +0 scythe and wearing a +0 robe (lightly wounded, poisoned, 52% to hit)
You throw a poisoned dart. The poisoned dart hits Sigmund.
Sigmund is lightly wounded.
Throw: dart (poison)
Press: ? - help, Q - select action, (/) - cycle Shift-Dir - straight line, f/p - Sigmund
Aim: Sigmund, wielding a +0 scythe and wearing a +0 robe (lightly wounded, poisoned, 52% to hit)
You throw a poisoned dart. The poisoned dart hits Sigmund.
Sigmund looks even sicker.
Sigmund is lightly wounded.
Reach: k) +0 trident (heavy)
Press: ? - help, Dir - move target, f/p - Sigmund
Aim: Sigmund, wielding a +0 scythe and wearing a +0 robe (lightly wounded, very poisoned, about 47% to evade your +0 heavy trident)
You reach to attack!
You closely miss Sigmund.
Sigmund is lightly wounded.
Sigmund hits you from afar with a +0 scythe!
* * * LOW HITPOINT WARNING * * *
Sigmund hits you but does no damage.
Reach: k) +0 trident (heavy)
Press: ? - help, Dir - move target, f/p - Sigmund
Aim: Sigmund, wielding a +0 scythe and wearing a +0 robe (moderately wounded, very poisoned, about 47% to evade your +0 heavy trident)
You reach to attack!
You hit Sigmund.
Sigmund is heavily wounded.
Sigmund hits you from afar with a +0 scythe!
* * * LOW HITPOINT WARNING * * *
Reach: k) +0 trident (heavy)
Press: ? - help, Dir - move target, f/p - Sigmund
Aim: Sigmund, wielding a +0 scythe and wearing a +0 robe (severely wounded, poisoned, about 47% to evade your +0 heavy trident)
You reach to attack!
You closely miss Sigmund.
Sigmund is severely wounded.
Sigmund hits you but does no damage.
Reach: k) +0 trident (heavy)
Press: ? - help, Dir - move target, f/p - Sigmund
Aim: Sigmund, wielding a +0 scythe and wearing a +0 robe (severely wounded, poisoned, about 47% to evade your +0 heavy trident)
You reach to attack!
You closely miss Sigmund.
Sigmund is severely wounded.
Sigmund hits you from afar with a +0 scythe.
You die...
Sigmund begins carving another notch in his scythe.

#..................
#...†(...†.........
#.....#....†.......
###...#####[.......
###..(#####........
#########........##########
#............@...##########
#............(...##.......#
#..........).@#####.......#
#..........#..# #.......#
###..........##.#####.......#
............................#
............................#
.......................######
........##.#.........[.#
........##.####.########
........##.# #.#


You could see Sigmund (poisoned).

Vanquished Creatures
  A jelly (D:3)
  Terence (D:2)
  2 adders (D:2)
  3 dart slugs
  8 bats
  4 endoplasms
  4 goblins
  4 hobgoblins
  2 jackals (D:1)
  4 kobolds
  4 quokkas
  7 ball pythons
  5 frilled lizards
49 creatures vanquished.

Notes
Turn   | Place    | Note
-------+----------+-------------------------------------------
     0 | D:1      | SnakkuSnakku7 the Mummy Alchemist began the quest for the
                  | Orb.
     0 | D:1      | Reached XP level 1. HP: 13/13 MP: 4/4
   218 | D:1      | Reached skill level 1 in Fighting
   371 | D:1      | Reached XP level 2. HP: 11/22 MP: 2/5
   482 | D:1      | Reached skill level 2 in Fighting
   901 | D:2      | Found a faded altar of an unknown god.
   952 | D:2      | Reached XP level 3. HP: 26/28 MP: 7/7
   990 | D:2      | Reached skill level 3 in Fighting
  1482 | D:3      | Noticed Sigmund
  1565 | D:3      | Reached XP level 4. HP: 37/37 MP: 8/8
  1566 | D:3      | Noticed Terence
  1587 | D:2      | Killed Terence
  1588 | D:2      | Reached skill level 4 in Fighting
  1889 | D:3      | HP: 1/38 [Sigmund/+0 scythe (10)]
  1891 | D:3      | Slain by Sigmund

Illustrated notes

Levels and vault maps discovered:
D:1:      minmay_arrival_cross, layout_basic, minmay_pentomino_q2
D:2:      layout_basic, dreamdust_ecumenical_altar_hidden_monk_grotto
D:3:      layout_basic, mainiacjoe_overflow_tiny_flanked, uniq_jessica,
          uniq_terence, uniq_sigmund

Skill      XL: |  1  2  3  4 |
---------------+-------------+-----
Fighting       | 1 2 3 4 |  4.6
Dodging        | |  1.5
Stealth        | |  1.5
Spellcasting   | |  2.6
Conjurations   | |  0.7
Alchemy        | |  2.4

Action                     |  1- 3 |  4- 6 || total
---------------------------+-------+-------++-------
  Melee: Club              |    47 |       ||    47
         Unarmed           |     8 |       ||     8
         Punch             |     1 |     1 ||     2
         Trident           |    68 |    34 ||   102
  Throw: Dart              |       |     7 ||     7
   Cast: Sting             |    11 |       ||    11
   Stab: Sleeping          |     1 |       ||     1
 Armour: Ring mail         |   133 |    14 ||   147
         Robe              |     7 |       ||     7
         Scale mail        |       |    31 ||    31
  Dodge: Dodged            |   112 |    14 ||   126
